 Dungeon Crawl Stone Soup version 0.31-a0-818-ge7c7cf74f0 (webtiles) character file.

Game seed: 3538851148372250634

824 Dittersdorf the Trooper (level 7, -3/45 HPs)
             Began as a Gargoyle Fighter on Sept 22, 2023.
             Was a Follower of Okawaru.
             Engulfed by a steam dragon's steam (4 damage)
             ... on level 6 of the Dungeon.
             The game lasted 00:07:07 (4450 turns).

Dittersdorf the Trooper (Gargoyle Fighter)          Turns: 4450, Time: 00:07:08

Health: -3/45      AC: 16    Str: 21    XL:     7   Next: 96%
Magic:  7/7        EV:  8    Int:  9    God:    Okawaru [*.....]
Gold:   383        SH:  5    Dex: 15    Spells: 6/6 levels left

rFire   . . .        a - +0 flail
rCold   . . .        c - +0 buckler
rNeg    + . .        u - +0 chain mail
rPois   ∞            (no helmet)
rElec   +            q - +0 cloak
rCorr   +            (no gloves)
SInv    .            (no boots)
Will    .....        t - amulet of magic regeneration Stlth
                     l - +6 ring of dexterity
HPRegen 0.27/turn    A - ring of resist corrosion
MPRegen 0.50/turn

%: no passive effects
@: no status effects
A: sickness immunity, AC +4, negative energy resistance 1, electricity
resistance, torment resistance 1, petrification resistance
a: Renounce Religion, Heroism


You were on level 6 of the Dungeon.
You worshipped Okawaru.
Okawaru was aware of your devotion.
You visited 2 branches of the dungeon, and saw 7 of its levels.

You collected 383 gold pieces.

Inventory:

Hand Weapons
 a - a +0 flail (weapon)
Missiles
 p - a throwing net
 x - 2 curare-tipped darts (quivered)
Armour
 c - a +0 buckler (worn)
 q - a +0 cloak (worn)
 u - a +0 chain mail (worn)
Jewellery
 l - a +6 ring of dexterity (left hand)
 t - an amulet of magic regeneration (around neck)
 A - a ring of resist corrosion (right hand)
Scrolls
 b - 2 scrolls of blinking {unknown}
 e - 2 scrolls of fear {unknown}
 f - 2 scrolls of teleportation {unknown}
 g - 8 scrolls of identify {unknown}
 h - 2 scrolls of amnesia {unknown}
 k - 4 scrolls of vulnerability {unknown}
 m - a scroll of revelation {unknown}
 n - a scroll of poison {unknown}
 r - 2 scrolls of butterflies {unknown}
 v - a scroll of enchant weapon {unknown}
 y - 2 scrolls of enchant armour {unknown}
 z - 2 scrolls of fog {unknown}
Potions
 d - 3 potions of might
 i - 2 potions of brilliance {unknown}
 j - 4 potions of curing {unknown}
 o - a potion of degeneration {unknown}
 s - a potion of invisibility {unknown}
 w - a potion of heal wounds {unknown}


   Skills:
 + Level 5.7 Fighting
 + Level 4.6 Maces & Flails
 + Level 5.7 Armour
 + Level 5.7 Shields


You had 6 spell levels left.
You didn't know any spells.
Your spell library contained the following spells:

 Spells                   Type           Power      Damage    Failure   Level
 Necrotise                Necr           0%         1d4       97%         1
 Lesser Beckoning         Tloc           0%         N/A       99%         2
 Dazzling Flash           Conj/Hex       0%         N/A       100%        3
 Gell's Gravitas          Tloc           0%         N/A       100%        3
 Teleport Other           Tloc           0%         N/A       100%        3
 Vampiric Draining        Necr           0%         2d6       100%        3
 Volatile Blastmotes      Fire/Tloc      0%         2d10      100%        3
 Agony                    Necr           0%         N/A       100%        5
 Starburst                Conj/Fire      0%         6d3       100%        6
 Maxwell's Capacitive Co  Air            0%         ∞         100%        8


Dungeon Overview and Level Annotations

Branches:
Dungeon (6/15)             Temple (1/1) D:5

Altars:
Ashenzari
Cheibriados
Dithmenos
Fedhas
Gozag
Hepliaklqana
Kikubaaqudgha
Makhleb
Nemelex Xobeh
Okawaru
Qazlal
Ru
Sif Muna
Uskayaw
Vehumet
Wu Jian
Xom
Yredelemnul
Zin
The Shining One

Shops:
D:2 ?[

Annotations:
D:4 2 runed translucent doors, Crazy Yiuf; lunkers's ghost, amateur MeWn


Innate Abilities, Weirdness & Mutations

You are immune to sickness and miasma.
Your stone body is resilient. (AC +4)
You are immune to poison.
You resist negative energy. (rN+)
You are resistant to electric shocks. (rElec)
You are resistant to unholy torment.
You are immune to petrification.


Message History

The steam dragon breathes steam at you. The ball of steam hits you.
You are too injured to fight recklessly!
You are too injured to fight recklessly!
You are too injured to fight recklessly!
You are too injured to fight recklessly!
You are too injured to fight recklessly!
You are too injured to fight recklessly!
You are too injured to fight recklessly!
You are too injured to fight recklessly!
You are too injured to fight recklessly!
You are too injured to fight recklessly!
You are too injured to fight recklessly!
You are too injured to fight recklessly!
You are too injured to fight recklessly!
You are too injured to fight recklessly!
You are too injured to fight recklessly!
You are too injured to fight recklessly!
You sock the steam dragon!
The steam dragon is severely wounded.
You are engulfed in a cloud of scalding steam.
The steam dragon breathes steam at you. The ball of steam hits you!
You closely miss the steam dragon.
The steam dragon is severely wounded.
You are engulfed in a cloud of scalding steam.
* * * LOW HITPOINT WARNING * * *
You block the steam dragon's attack.
The steam dragon claws you but does no damage.
You barely miss the steam dragon.
The steam dragon is severely wounded.
You are engulfed in a cloud of scalding steam.
* * * LOW HITPOINT WARNING * * *
The steam dragon bites you but does no damage.
The steam dragon claws you.
* * * LOW HITPOINT WARNING * * *
You hit the steam dragon but do no damage.
The steam dragon is severely wounded.
You are engulfed in a cloud of scalding steam.
You die...

##+#### #.....#
+.....+ #.....#####
##.#.....§# #.#....#.#
#)#.##.#§# #####
#.#.##.#@# ....#
#.#.##.#D#
....#####.#.##.#.#
............##.#.....#
............##.#.....#
.............#....?..#
###..................#
#..................#
####.................#


You could see a steam dragon.

Vanquished Creatures
  An ice beast (D:5)
  An ogre (D:6)
  A phantom (D:5)
  A bullfrog (D:6)
  3 hounds
  3 sleepcaps
  2 iguanas
  10 adders
  4 gnolls (D:4)
  2 shadow imps (D:5)
  2 white imps
  4 worms
  4 dart slugs
  13 orcs
  4 bats
  11 endoplasms
  5 giant cockroaches
  4 goblins
  4 hobgoblins
  12 kobolds
  4 quokkas
  10 ball pythons
  6 frilled lizards
  4 rats
115 creatures vanquished.

Notes
Turn   | Place    | Note
-------+----------+-------------------------------------------
     0 | D:1      | Dittersdorf the Gargoyle Fighter began the quest for the
                  | Orb.
     0 | D:1      | Reached XP level 1. HP: 14/14 MP: 1/1
   243 | D:1      | Reached XP level 2. HP: 19/19 MP: 2/2
   348 | D:1      | Found a faded altar of an unknown god.
   813 | D:2      | Reached XP level 3. HP: 23/23 MP: 3/3
   860 | D:2      | Found Munlysy's Magic Scroll Shoppe.
   974 | D:2      | Found Vogiblo's Antique Armour Boutique.
  1309 | D:2      | Reached XP level 4. HP: 20/29 MP: 4/4
  1371 | D:2      | You fall into a shaft and drop 2 floors!
  1381 | D:4      | Found a runed translucent door.
  1382 | D:4      | Noticed Crazy Yiuf
  1448 | D:4      | Found a runed translucent door.
  1462 | D:4      | Noticed a bullfrog
  1464 | D:4      | Noticed lunkers's ghost (amateur MeWn)
  1487 | D:4      | Reached XP level 5. HP: 28/33 MP: 5/5
  1979 | D:3      | Reached XP level 6. HP: 38/39 MP: 6/6
  3505 | D:5      | Entered Level 5 of the Dungeon
  3726 | D:5      | Found a staircase to the Ecumenical Temple.
  3732 | Temple   | Entered the Ecumenical Temple
  3755 | Temple   | Became a worshipper of Warmaster Okawaru
  3804 | D:5      | Reached skill level 5 in Fighting
  3804 | D:5      | Reached skill level 5 in Armour
  3804 | D:5      | Reached skill level 5 in Shields
  3804 | D:5      | Reached XP level 7. HP: 43/44 MP: 7/7
  4221 | D:6      | Reached * piety under Okawaru
  4425 | D:6      | Noticed a steam dragon
  4449 | D:6      | HP: 1/45 [steam dragon] (8)]
  4450 | D:6      | Engulfed by a steam dragon's steam

Illustrated notes

Levels and vault maps discovered:
D:1:      lemuel_arrival_tunnels, layout_basic,
          hellmonk_ecumenical_altar_run_dry
D:2:      minmay_door_path, layout_rooms, serial_forest,
          infiniplex_forest_clump_small, infiniplex_forest_lined_corner,
          infiniplex_forest_clump_diagonal, infiniplex_forest_clump_double,
          infiniplex_forest_clump_diagonal, infiniplex_forest_zigzag_1,
          infiniplex_forest_corner_2, serial_shops, shop,
          nicolae_shop_gibbet_a_chance
D:3:      layout_loops_ring, minmay_misc_feat_alley
D:4:      layout_loops_corners, ebering_ghost_sewer_d, uniq_crazy_yiuf_cottage
D:5:      layout_basic, minmay_temple_entry_enclosed_plants, grunt_ministairs_10
D:6:      layout_basic, ebering_ghost_rock_garden, minmay_misc_feat_plants
Temple:   mainiacjoe_temple_big_plus

Skill      XL: |  1  2  3  4  5  6 |
---------------+-------------------+-----
Fighting       | 4 5 |  5.7
Armour         | 4 5 |  5.7
Shields        | 4 5 |  5.7
Maces & Flails | 3 4 |  4.6

Action                     |  1- 3 |  4- 6 |  7- 9 || total
---------------------------+-------+-------+-------++-------
  Melee: Flail             |   139 |   213 |    96 ||   448
  Throw: Dart              |       |       |     2 ||     2
 Armour: Scale mail        |    92 |    74 |       ||   166
         Chain mail        |       |    84 |    89 ||   173
  Dodge: Dodged            |    77 |    86 |    19 ||   182
  Block: Buckler           |    25 |    45 |    37 ||   107

Table legend: (Time is in decaauts)
 A = Elapsed time spent in this place.
 B = Non-inter-level travel time spent in this place.
 C = Inter-level travel time spent in this place.
 D = Time resting spent in this place.
 E = Time spent auto-exploring this place.
 F = Levels seen in this place.
 G = Mean time per level.
                   A        B        C        D        E       F      G
               +--------+--------+--------+--------+--------+-----+--------+
         Total |   4566 |   4314 |    252 |    138 |   3166 |   7 |  652.3 |
       Dungeon |   4520 |   4311 |    209 |    138 |   3166 |   6 |  753.3 |
        Temple |     45 |      2 |     43 |      0 |      0 |   1 |   45.0 |
               +--------+--------+--------+--------+--------+-----+--------+

Top non-repeatable levels by time:
     D:4: 1048 daAuts
     D:3: 888 daAuts
     D:2: 852 daAuts
     D:1: 819 daAuts
     D:5: 660 daAuts
     D:6: 250 daAuts
  Temple: 45 daAuts
